 Dungeon Crawl Stone Soup version 0.26-a0-597-gb535b0901c (webtiles) character file.

Game seed: 12205507761697276589

66790 Alarkh the Peltast (level 14, -6/113 HPs)
             Began as a Demonspawn Fighter on Sept 6, 2020.
             Was a Follower of Uskayaw.
             Mangled by a titan simulacrum (44 damage)
             ... on level 2 of the Abyss.
             The game lasted 00:43:21 (19313 turns).

Alarkh the Peltast (Demonspawn Fighter)            Turns: 19313, Time: 00:43:21

Health: -6/113     AC: 21    Str: 16    XL:     14   Next: 80%
Magic:  21/21      EV: 13    Int: 19    God:    Uskayaw [*.....]
Gold:   1104       SH: 14    Dex: 16    Spells: 11/13 levels left

rFire    + . .     SeeInvis .     - Unarmed
rCold    . . .     Faith    .   b - +0 kite shield
rNeg     + . .     Spirit   .   F - +6 scale mail {rF+}
rPois    +         Reflect  .   l - +1 hat
rElec    .         Harm     .   a - +2 ratskin cloak {*Rats rPois rN+ Str-1 Int-1 Dex+1}
rCorr    +                      t - +0 pair of gloves
MR       +....                  (no boots)
Stlth    ++........             (no amulet)
HPRegen  0.28/turn              c - ring of Xoasun {rCorr Int+6}
MPRegen  0.17/turn              p - +4 ring of evasion

@: no status effects
A: talons 2, thin metallic scales 2, agile 1, powered by death 2, spiny 3
a: Stomp, Renounce Religion


You were on level 2 of the Abyss.
You worshipped Uskayaw.
Uskayaw was aware of your devotion.
You visited 3 branches of the dungeon, and saw 19 of its levels.
You visited the Abyss 1 time.
You also visited: Gauntlet.

You collected 1610 gold pieces.
You spent 506 gold pieces at shops.

Inventory:

Armour
 a - the +2 ratskin cloak (worn) {*Rats rPois rN+ Str-1 Int-1 Dex+1}
   (You found it on level 8 of the Dungeon)

   It affects your strength (-1).
   It affects your intelligence (-1).
   It affects your dexterity (+1).
   It protects you from poison.
   It protects you from negative energy.
 b - a +0 kite shield (worn)
 k - a +1 hat
 l - a +1 hat (worn)
 t - a +0 pair of gloves (worn)
 F - a +6 scale mail of fire resistance (worn)
Jewellery
 c - the ring of Xoasun (left hand) {rCorr Int+6}
   (You found it in a Gauntlet)

   [ring of resist corrosion]

   It affects your intelligence (+6).
   It provides partial protection from all sources of acid and corrosion.
 j - an uncursed ring of poison resistance
 p - a +4 ring of evasion (right hand)
 u - an uncursed ring of positive energy
 L - an uncursed ring of teleportation
Wands
 e - a wand of digging (6)
 y - a wand of flame (19)
 C - a wand of paralysis (19)
 E - a wand of random effects (46)
 R - a wand of enslavement (8)
 T - a wand of polymorph (19)
Scrolls
 d - 8 scrolls of remove curse
 f - 3 scrolls of enchant armour
 i - 2 scrolls of fog
 n - 3 scrolls of fear
 o - 3 scrolls of magic mapping
 r - a scroll of identify
 s - 5 scrolls of teleportation
 K - a scroll of blinking
Potions
 g - 4 potions of mutation
 h - 8 potions of curing
 m - a potion of brilliance
 v - a potion of might
 B - 3 potions of flight
 M - a potion of heal wounds
 O - a potion of invisibility
Miscellaneous
 q - a box of beasts (3/3)
 P - a phantom mirror


   Skills:
 + Level 11.0 Fighting
 + Level 2.8 Armour
 + Level 0.5 Dodging
 + Level 6.0 Stealth
 - Level 15.0 Shields
 * Level 13.5 Unarmed Combat
 + Level 10.0 Invocations


You had 11 spell levels left.
You knew the following spells:

 Your Spells              Type           Power        Failure   Level
a - Passwall              Tmut/Erth      #.......     73%         2

Your spell library contained the following spells:

 Spells                   Type           Power        Failure   Level
 Magic Dart               Conj           #...         58%         1
 Sandblast                Erth           #.....       58%         1
 Blink                    Tloc           N/A          73%         2
 Call Imp                 Summ           #.......     73%         2
 Searing Ray              Conj           #.....       73%         2
 Slow                     Hex            #.......     73%         2
 Conjure Flame            Conj/Fire      #.......     91%         3
 Dazzling Flash           Conj/Hex       #.....       91%         3
 Mephitic Cloud           Conj/Pois/Air  #.......     91%         3
 Stone Arrow              Conj/Erth      #.....       91%         3
 Fulminant Prism          Conj/Hex       #.........   100%        4
 Iskenderun's Mystic Bla  Conj/Tloc      #.......     100%        4
 Petrify                  Tmut/Erth      #.......     100%        4
 Lee's Rapid Deconstruct  Erth           #.........   100%        5


Dungeon Overview and Level Annotations

Branches:
Dungeon (12/15)            Temple (1/1) D:7            Lair (6/6) D:10
  Swamp (0/4) Lair:3       Spider (0/4) Lair:4        Slime (0/5) Lair:6
Gauntlet (visited)
    Orc: D:9-12

Altars:
Ashenzari
Cheibriados
Dithmenos
Elyvilon
Fedhas
Gozag
Hepliaklqana
Kikubaaqudgha
Makhleb
Nemelex Xobeh
Okawaru
Qazlal
Ru
Sif Muna
Trog
Uskayaw
Vehumet
Wu Jian
Xom
Yredelemnul
Zin
The Shining One
Jiyva

Shops:
D:5 *   D:10 *

Annotations:
D:10 2 runed translucent doors, ywyr's ghost, novice DgFE
D:12 Nessos; Sonja
Lair:2 2 transporters, exclusion: 4 oklob plants, p0werm0de's ghost, journeyman DDFi


Innate Abilities, Weirdness & Mutations

You have razor-sharp toenails.
You are mostly covered in thin metallic scales. (AC +3)
You regenerate health from kills.
You are completely covered in sharp spines.
You are agile. (Dex +2)


Message History

The ufetubus disappears in a puff of smoke! x3
You can now pass through a line of other dancers.
Unknown command.
You can no longer pass through a line of other dancers.
Your extra speed is starting to run out.
You feel yourself slow down.
An apocalypse crab comes into view.
A titan simulacrum comes into view.
You block the apocalypse crab's attack. The apocalypse crab claws you.
The apocalypse crab sears you!
You barely miss the apocalypse crab.
You claw the apocalypse crab, but do no damage.
Your scale mail prevents you from hitting the apocalypse crab.
Your kick misses the apocalypse crab. The apocalypse crab misses you.
The apocalypse crab claws you but does no damage.
The titan simulacrum barely misses you. The titan simulacrum hits you.
A hell rat scurries out from under your cloak.
The titan simulacrum freezes you!!!
You die...

#......# #
...##.###.#
. #..#.# #
#.## # ..
#..### ##
#..#...#
#.##.#t###
#...##rZ#
.##.ยง@.##
.# ###.#.#
.# ##.## #.
#.#. #..##
#.#. # .#.#
###...######
# # . ## ..


You could see an apocalypse crab, a titan simulacrum and a friendly hell rat.

Vanquished Creatures
  Rupert (Lair:6)
  A balrug (Gauntlet)
  A minotaur (Gauntlet)
  3 hydras
  A rakshasa (D:11)
  Fannar (D:12)
  4 catoblepae
  11 death yaks
  A thrashing horror (Abyss:1)
  Urug (Lair:5)
  A shadow wraith (Abyss:2)
  6 oklob plants
  5 manticores
  A shining eye (Gauntlet)
  9 elephants
  A centaur zombie (D:12)
  6 black mambas
  13 cane toads
  An orange demon (Abyss:1)
  2 torpor snails
  A centaur skeleton (D:11)
  3 rime drakes
  3 komodo dragons
  An ice devil (Abyss:1)
  2 ancient zymes (Abyss:2)
  A queen bee (Lair:2)
  A troll (D:10)
  2 polar bears
  2 hornets
  7 blink frogs (Lair:2)
  13 hippogriffs
  A ynoxinul (Abyss:2)
  2 vampires
  3 wyverns (Lair:2)
  A wraith (D:10)
  A large abomination (Abyss:2)
  78 yaks
  A steam dragon (Lair:2)
  A fire bat (Abyss:2)
  Eustachio (D:5)
  2 golden eyes (Gauntlet)
  6 basilisks
  An acid dragon (D:11)
  A hell hound (Gauntlet)
  4 porcupines
  19 water moccasins
  2 black bears
  2 orc warriors (D:11)
  3 ice beasts (D:11)
  3 sky beasts
  3 phantoms
  A necrophage (D:9)
  9 ogres
  9 wolves
  A small abomination (Abyss:2)
  13 crocodiles
  A big kobold (D:10)
  14 bullfrogs
  A wyvern skeleton (D:10)
  9 scorpions
  41 killer bees
  11 wights
  2 howler monkeys
  An electric eel (Lair:3)
  A bullfrog zombie (D:9)
  A quasit (D:11)
  4 starcursed masses (Abyss:2)
  5 hounds
  7 jellies
  6 orc wizards
  An orc priest (D:4)
  An iguana (D:8)
  Natasha (thrice) (D:2)
  12 worker ants
  3 hell rats (D:8)
  A hound zombie (D:6)
  2 hound skeletons
  A howler monkey zombie (D:6)
  A worker ant zombie (D:8)
  10 gnolls
  A howler monkey skeleton (D:7)
  15 adders
  4 river rats (D:8)
  5 shadow imps
  8 white imps
  5 ufetubi
  An ooze (D:1)
  3 worms
  A dart slug (D:2)
  7 leopard geckos
  18 orcs
  13 giant cockroaches
  7 goblins
  7 hobgoblins
  2 jackals (D:6)
  19 kobolds
  7 quokkas
  A ball python (D:3)
  6 bats
  6 frilled lizards
  A leopard gecko skeleton (D:9)
  A quokka skeleton (D:7)
  20 rats
571 creatures vanquished.

Vanquished Creatures (collateral kills)
  4 yaks
  A killer bee (D:11)
  An electric eel (Lair:3)
  A worker ant (D:11)
7 creatures vanquished.

Vanquished Creatures (others)
  A demonic plant (Gauntlet)
  7 fungi
  48 plants
  7 starspawn tentacles (Abyss:1)
63 creatures vanquished.

Grand Total: 641 creatures vanquished

Notes
Turn   | Place    | Note
-------+----------+-------------------------------------------
     0 | D:1      | Alarkh the Demonspawn Fighter began the quest for the Orb.
     0 | D:1      | Reached XP level 1. HP: 18/18 MP: 1/1
    87 | D:1      | Gained mutation: You are partially covered in sharp spines.
                  | [demonic ancestry]
    87 | D:1      | Reached XP level 2. HP: 20/24 MP: 2/2
   387 | D:1      | Reached skill level 3 in Shields
   450 | D:1      | HP: 1/24 [poisoned by a kobold]
   779 | D:1      | Gained mutation: You regenerate a little health from kills.
                  | [demonic ancestry]
   779 | D:1      | Reached XP level 3. HP: 29/29 MP: 3/3
  1325 | D:2      | Gained mutation: You regenerate health from kills. [demonic
                  | ancestry]
  1325 | D:2      | Reached XP level 4. HP: 21/35 MP: 4/4
  1423 | D:2      | Noticed Natasha
  1431 | D:2      | Killed Natasha
  1455 | D:2      | Noticed Natasha
  1462 | D:2      | Killed Natasha
  1462 | D:2      | Gained mutation: You are mostly covered in sharp spines.
                  | [demonic ancestry]
  1462 | D:2      | Reached XP level 5. HP: 24/42 MP: 5/5
  1527 | D:2      | Noticed Natasha
  1541 | D:2      | Killed Natasha
  1649 | D:2      | Found a faded altar of an unknown god.
  2035 | D:3      | Found an iron altar of Okawaru.
  2446 | D:4      | Reached XP level 6. HP: 45/48 MP: 6/6
  2508 | D:4      | Reached skill level 4 in Shields
  2867 | D:4      | Found a shattered altar of Ashenzari.
  2981 | D:4      | Reached skill level 5 in Unarmed Combat
  2981 | D:4      | Reached XP level 7. HP: 45/55 MP: 7/7
  3286 | D:5      | Entered Level 5 of the Dungeon
  3286 | D:5      | Found Laracor's General Store.
  3287 | D:5      | Noticed Eustachio
  3316 | D:5      | Killed Eustachio
  3316 | D:5      | Reached skill level 5 in Fighting
  4807 | D:6      | Reached skill level 5 in Shields
  4807 | D:6      | Reached XP level 8. HP: 57/63 MP: 8/8
  4862 | D:6      | Found the +6 Majin-Bo {vamp, MP+6 Int+6}
  5819 | D:7      | Reached skill level 6 in Shields
  5824 | D:7      | Gained mutation: You have sharp toenails. [demonic
                  | ancestry]
  5824 | D:7      | Reached XP level 9. HP: 39/71 MP: 9/9
  6074 | D:7      | Found a shimmering altar of Xom.
  6284 | D:7      | Found a staircase to the Ecumenical Temple.
  6291 | Temple   | Entered the Ecumenical Temple
  6470 | Temple   | Became a worshipper of Uskayaw the Reveler
  6592 | D:7      | Found a stormy altar of Qazlal.
  6593 | D:7      | Found a hazy altar of Hepliaklqana.
  6597 | D:7      | Found a snail-covered altar of Cheibriados.
  6598 | D:7      | Found a bloodstained altar of Trog.
  6598 | D:7      | Found a shimmering blue altar of Sif Muna.
  6602 | D:7      | Found a burning altar of Makhleb.
  6603 | D:7      | Found an ancient bone altar of Kikubaaqudgha.
  6604 | D:7      | Found an ornate altar of the Wu Jian Council.
  6668 | D:8      | Reached * piety under Uskayaw
  6730 | D:8      | Reached ** piety under Uskayaw
  7108 | D:8      | Reached *** piety under Uskayaw
  7426 | D:8      | Found the +2 ratskin cloak {*Rats rPois rN+ Str-1 Int-1
                  | Dex+1}
  7433 | D:8      | Reached **** piety under Uskayaw
  7440 | D:8      | Reached ***** piety under Uskayaw
  7746 | D:5      | Bought a +3 scale mail of fire resistance for 312 gold
                  | pieces
  7951 | D:8      | Reached skill level 7 in Shields
  8100 | D:9      | Gained mutation: You are completely covered in sharp
                  | spines. [demonic ancestry]
  8100 | D:9      | Reached XP level 10. HP: 80/80 MP: 10/10
  8268 | D:9      | Reached skill level 1 in Invocations
  9119 | D:10     | Entered Level 10 of the Dungeon
  9273 | D:10     | Found a runed translucent door.
  9275 | D:10     | Found a runed translucent door.
  9278 | D:10     | Noticed a necromancer
  9278 | D:10     | Noticed a flayed ghost
  9279 | D:10     | Noticed a centaur warrior
  9279 | D:10     | Noticed a lich
  9280 | D:10     | Noticed ywyr's ghost (novice DgFE)
  9280 | D:10     | Noticed an ettin
  9400 | D:10     | Reached skill level 10 in Unarmed Combat
  9406 | D:10     | Found Qol Tamm's Island Escapes.
  9465 | D:10     | Found a staircase to the Lair.
  9972 | D:10     | Bought a scroll of blinking for 97 gold pieces
  9972 | D:10     | Bought a scroll of blinking for 97 gold pieces
  9994 | D:11     | Noticed a manticore
 10016 | D:11     | Killed a manticore
 10017 | D:11     | Noticed a manticore
 10029 | D:11     | Killed a manticore
 10029 | D:11     | Reached skill level 8 in Shields
 10031 | D:11     | Reached ****** piety under Uskayaw
 10040 | D:11     | Found a stormy altar of Qazlal.
 10053 | D:11     | Noticed a rakshasa
 10073 | D:11     | Killed a rakshasa
 10073 | D:11     | Reached skill level 5 in Invocations
 10073 | D:11     | Gained mutation: You have razor-sharp toenails. [demonic
                  | ancestry]
 10073 | D:11     | Reached XP level 11. HP: 60/87 MP: 14/14
 10614 | D:12     | Noticed Fannar
 10941 | D:12     | Reached skill level 1 in Stealth
 10951 | D:12     | Killed Fannar
 10969 | D:12     | Noticed Nessos
 11352 | Lair:1   | Entered Level 1 of the Lair of Beasts
 11483 | Lair:1   | Found a gate leading to a gauntlet.
 11500 | Gauntlet | Entered a Gauntlet
 11500 | Gauntlet | Found a transporter.
 11500 | Gauntlet | Found a transporter.
 11500 | Gauntlet | Found a transporter.
 11500 | Gauntlet | Noticed a shining eye
 11510 | Gauntlet | Found a transporter.
 11513 | Gauntlet | Found a transporter.
 11524 | Gauntlet | Found a transporter.
 11524 | Gauntlet | Found a transporter.
 11527 | Gauntlet | Noticed a cyan ugly thing
 11527 | Gauntlet | Noticed a white ugly thing
 11532 | Gauntlet | Found a transporter.
 11534 | Gauntlet | Noticed a great orb of eyes
 11550 | Gauntlet | Found a transporter.
 11553 | Gauntlet | Noticed a balrug
 11567 | Gauntlet | Found a transporter.
 11582 | Gauntlet | Found a transporter.
 11626 | Gauntlet | Found a transporter.
 11681 | Gauntlet | Gained mutation: You are agile. (Dex +2) [a shining eye]
 11688 | Gauntlet | Killed a shining eye
 11749 | Gauntlet | Reached skill level 9 in Shields
 11756 | Gauntlet | Gained mutation: You are partially covered in thin metallic
                  | scales. (AC +2) [demonic ancestry]
 11756 | Gauntlet | Reached XP level 12. HP: 61/97 MP: 17/17
 11870 | Gauntlet | Killed a balrug
 11884 | Gauntlet | Got a brightly glowing iron ring
 12086 | Gauntlet | Identified the ring of Xoasun {rCorr Int+6} (You found it
                  | in a Gauntlet)
 12211 | Gauntlet | Noticed a minotaur
 12229 | Gauntlet | Killed a minotaur
 12229 | Gauntlet | Reached skill level 10 in Fighting
 12528 | Lair:1   | Noticed a catoblepas
 12558 | Lair:1   | Killed a catoblepas
 13497 | Lair:2   | Reached skill level 5 in Stealth
 13597 | Lair:2   | Gained mutation: You are mostly covered in thin metallic
                  | scales. (AC +3) [demonic ancestry]
 13597 | Lair:2   | Reached XP level 13. HP: 104/104 MP: 19/19
 13748 | Lair:2   | You fall into a shaft and drop 1 floor!
 13827 | Lair:3   | Reached skill level 10 in Shields
 14215 | Lair:2   | Reached skill level 10 in Invocations
 14343 | Lair:2   | Found a transporter.
 14346 | Lair:2   | Noticed p0werm0de's ghost (journeyman DDFi)
 14349 | Lair:2   | Found a transporter.
 14354 | Lair:2   | Found a bloodstained altar of Trog.
 14367 | Lair:2   | Identified the +2 spear of Fuyrchof {antimagic, rPois rC+}
 14405 | Lair:2   | Identified the +7 spear of Absolution {vamp, *Contam rN++
                  | MR+ Dex+3}
 14824 | Lair:3   | Found a staircase to the Swamp.
 15268 | Lair:4   | Reached skill level 11 in Shields
 15352 | Lair:4   | Learned a level 2 spell: Passwall
 15519 | Lair:4   | Found a hole to the Spider Nest.
 15884 | Lair:4   | Reached skill level 12 in Shields
 16240 | Lair:5   | Noticed Urug
 16254 | Lair:5   | HP: 3/106 [Urug/javelin (18)]
 16714 | Lair:5   | Killed Urug
 16714 | Lair:5   | Reached XP level 14. HP: 83/113 MP: 21/21
 17503 | Lair:6   | Entered Level 6 of the Lair of Beasts
 17512 | Lair:6   | Reached skill level 13 in Shields
 17674 | Lair:6   | Noticed Rupert
 17674 | Lair:6   | Paralysed by Rupert for 4 turns
 17704 | Lair:6   | Killed Rupert
 17891 | Lair:6   | Found a viscous altar of Jiyva.
 17892 | Lair:6   | Found a staircase to the Slime Pits.
 18157 | Lair:6   | Reached skill level 14 in Shields
 18790 | D:12     | Noticed Sonja
 18802 | D:12     | Cast into level 1 of the Abyss (Sonja)
 18893 | Abyss:1  | Noticed a tentacled starspawn
 18965 | Abyss:2  | Noticed a starcursed mass
 19027 | Abyss:2  | Reached skill level 15 in Shields
 19145 | Abyss:2  | Noticed a starcursed mass
 19165 | Abyss:2  | Noticed a starcursed mass
 19313 | Abyss:2  | Mangled by a titan simulacrum

Illustrated notes

Levels and vault maps discovered:
D:1:      scummos_arrival_gate, layout_loops_ring
D:2:      layout_basic, chequers_ecumenical_altar_lobes, uniq_natasha
D:3:      layout_basic, kennysheep_okawaru_gauntlet
D:4:      layout_gridville, lemuel_round_altar
D:5:      layout_layer_cave, serial_shops, shop_statue, serial_rivers,
          chequers_serial_rivers_marsh, chequers_serial_rivers_micro_d,
          chequers_serial_rivers_micro_a, chequers_serial_rivers_micro_b,
          chequers_serial_rivers_micro_e, chequers_serial_rivers_room_b,
          uniq_eustachio
D:6:      layout_loops_corners
D:7:      layout_basic, minitemple, minmay_temple_entry_hall, basic_altar
D:8:      wander_guarded_unrand_ratskin, layout_loops_ring, minmay_door_square,
          minmay_misc_feat_rugged
D:9:      layout_stronghold
D:10:     layout_gridville, lair_entry_dummy, muffindrake_ghost_dual_entry,
          serial_park_tiny_2, hex_medium, nicolae_island_escapes
D:11:     layout_cave_pools, minmay_ruined_shrine
D:12:     layout_small_grid, david_orc_3, uniq_sonja, uniq_nessos, uniq_fannar
Temple:   nicolae_temple_figure_eight
Lair:1:   minmay_lair_oklob_tunnel, layout_chaotic_city, gauntlet_entry_generic,
          minmay_shattered_shrine, serial_bayou_shore_b, serial_bayou_shore_b
Lair:2:   hangedman_what_comes_after_a, layout_chaotic_city,
          gammafunk_ghost_wrathful_warriors
Lair:3:   layout_chaotic_city, minmay_swamp_entry_eels, serial_bayou_shore_b
Lair:4:   layout_regular_city, nicolae_spider_entry_non_spiders,
          hibernation_bobbens, minmay_lair_oklob_chamber, grunt_megastairs_5
Lair:5:   layout_regular_city, uniq_urug
Lair:6:   evilmike_catoblepas_cave, layout_gridlike,
          dpeg_slime_entry_enclosed_altar, serial_bayou_pond_b,
          lemuel_fruit_tree, infiniplex_staircase_pool_2, uniq_rupert
Abyss:2:  hangedman_abyss_monster_moat, base: Lair:6,
          hangedman_abyss_river_spirits, minivault_13, hangedman_steaming_rock,
          minivault_25_ag, serial_sigils_hangedman_gut,
          serial_sigils_hangedman_gut, bh_abyss_exit_spiral,
          guppyfry_abyss_exit_glass_guarded

Skill      XL: |  1  2  3  4  5  6  7  8  9 10 11 12 13 14 |
---------------+-------------------------------------------+-----
Unarmed Combat | 2 3 4 5 6 7 9 10 12 13 | 13.5
Shields        | 3 4 5 6 7 8 9 12 15 | 15.0
Fighting       | 4 5 6 7 8 9 10 11 | 11.0
Invocations    | 5 7 9 10 | 10.0
Stealth        | 3 5 6 |  6.0
Armour         | |  2.8
Dodging        | |  0.5

Action                   |  1- 3 |  4- 6 |  7- 9 | 10-12 | 13-15 || total
-------------------------+-------+-------+-------+-------+-------++-------
Melee: Unarmed           |   118 |   179 |   419 |   658 |   723 ||  2097
       Kick              |       |       |       |   148 |   262 ||   410
Invok: Stomp             |       |       |       |     1 |     2 ||     3
       Grand Finale      |       |       |       |       |     1 ||     1
  Use: Scroll            |     2 |     4 |     8 |     4 |    15 ||    33
       Potion            |       |       |     7 |     7 |     5 ||    19
 Stab: Paralysed         |       |       |     9 |    47 |    74 ||   130
       Sleeping          |       |       |     2 |     1 |     3 ||     6
       Distracted        |       |       |     1 |       |     1 ||     2
       Invisible         |       |       |       |       |     3 ||     3
Armor: Scale mail        |    51 |    40 |     7 |   228 |   234 ||   560
       Leather armour    |       |       |    48 |       |       ||    48
       Skin              |       |       |     6 |       |     2 ||     8
Dodge: Dodged            |    24 |    40 |   158 |   224 |   227 ||   673
Block: Kite shield       |    54 |    64 |   181 |   334 |   374 ||  1007

Table legend: (Time is in decaauts)
 A = Elapsed time spent in this place.
 B = Non-inter-level travel time spent in this place.
 C = Inter-level travel time spent in this place.
 D = Time resting spent in this place.
 E = Time spent auto-exploring this place.
 F = Levels seen in this place.
 G = Mean time per level.
                   A        B        C        D        E       F      G
               +--------+--------+--------+--------+--------+-----+--------+
         Total |  19044 |  17812 |   1232 |   2045 |  11799 |  22 |  865.6 |
       Dungeon |  11196 |  10471 |    725 |   1453 |   7082 |  12 |  933.0 |
        Temple |    200 |    169 |     31 |      0 |    167 |   1 |  200.0 |
          Lair |   6392 |   5917 |    475 |    489 |   4082 |   6 | 1065.3 |
         Abyss |    485 |    485 |      0 |     26 |      0 |   2 |  242.5 |
      Gauntlet |    769 |    769 |      0 |     77 |    467 |   1 |  769.0 |
               +--------+--------+--------+--------+--------+-----+--------+

Top non-repeatable levels by time:
     D:5: 1345 daAuts
  Lair:4: 1327 daAuts
  Lair:1: 1268 daAuts
     D:8: 1253 daAuts
    D:11: 1213 daAuts
  Lair:6: 1047 daAuts
     D:9: 1043 daAuts
  Lair:2: 1017 daAuts
     D:4: 982 daAuts
     D:1: 958 daAuts
  Lair:5: 941 daAuts
     D:7: 935 daAuts
     D:6: 903 daAuts
    D:10: 901 daAuts
     D:2: 854 daAuts
